 Dungeon Crawl Stone Soup version 0.30-a0-964-gd452b5e7fa (webtiles) character file.

Game seed: 15698453759558540071

8 vishdafish the Conjurer (level 2, 19/19 HPs)
             Began as a Demonspawn Conjurer on Mar 31, 2023.
             Quit the game on level 1 of the Dungeon.
             The game lasted 00:00:34 (230 turns).

vishdafish the Conjurer (Demonspawn Conjurer)        Turns: 230, Time: 00:00:34

Health: 19/19      AC:  2    Str:  7    XL:     2   Next: 0%
Magic:  1/5        EV: 12    Int: 19    God:
Gold:   0          SH:  0    Dex: 11    Spells: 4/5 levels left

rFire   . . .      SeeInvis .    b - +0 dagger
rCold   . . .      Faith    .    (no shield)
rNeg    . . .      Spirit   .    a - +0 robe
rPois   .          Reflect  .    (no helmet)
rElec   .          Rampage  .    (no cloak)
rCorr   .                        (no gloves)
Will    .....                    (no boots)
Stlth   ++                       (no amulet)
HPRegen 0.23/turn                (no ring)
MPRegen 0.09/turn                (no ring)

@: no status effects
A: demonic magic 1
a: no special abilities


You were on level 1 of the Dungeon.
You visited 1 branch of the dungeon, and saw 1 of its levels.

Inventory:

Hand Weapons
 b - a +0 dagger (weapon)
Armour
 a - a +0 robe (worn)


   Skills:
 - Level 1.7 Dodging
 - Level 1.7 Stealth
 + Level 2.3 Spellcasting
 + Level 4.2 Conjurations


You had 4 spell levels left.
You knew the following spells:

 Your Spells              Type           Power      Damage    Failure   Level
a - Magic Dart            Conj           72%        1d6       3%          1

Your spell library contained the following spells:

 Spells                   Type           Power      Damage    Failure   Level
 Searing Ray              Conj           36%        2d5       4%          2
 Dazzling Flash           Conj/Hex       20%        N/A       21%         3
 Fulminant Prism          Conj/Hex       5%         3d6       56%         4
 Iskenderun's Mystic Bla  Conj/Tloc      10%        2d4       56%         4


Dungeon Overview and Level Annotations

Branches:
Dungeon (1/15)

Altars:


Innate Abilities, Weirdness & Mutations

Spells you cast may paralyse adjacent enemies.


Message History

Unknown command.
Items here: ( )) †.
b - a +0 dagger
b - a +0 dagger (weapon)
HP restored.
There is an open door here.
Found 5 stones.
There is an open door here.
A kobold comes into view. It is wielding a +0 dagger.
A rat comes into view.
There are monsters nearby!
There are monsters nearby!
There are monsters nearby!
The magic dart hits the rat but does no damage.
The kobold shouts!
The magic dart hits the rat.
You kill the rat!
The magic dart hits the kobold.
You kill the kobold!
You are out of magic!
You are out of magic!
An endoplasm comes into view.
An endoplasm is nearby!
An endoplasm is nearby!
The magic dart hits the endoplasm.
You kill the endoplasm!
You can't see any susceptible monsters within range! (Use Z to cast anyway.)
You can't see any susceptible monsters within range! (Use Z to cast anyway.)
Things that are here:
a +0 dagger; a kobold corpse A kobold comes into view.
It is wielding a +0 club.
A kobold is nearby!
A kobold is nearby!
The magic dart hits the kobold but does no damage.
The magic dart hits the kobold.
You kill the kobold!
You have reached level 2!
Your demonic ancestry asserts itself...
A menacing aura infuses your magic.
Are you sure you want to abandon this character and quit the game? (Confirm with "yes".)

# . .# .# ### .#. #.....
...####$#$# .)........#
##@# #######..#####
##.....#......##
##..............##
#................#
#.................
#############..........#
#...#....†..#..........#
#.#...#####.#..........#


There were no monsters in sight!

Vanquished Creatures
  An endoplasm (D:1)
  A goblin (D:1)
  A hobgoblin (D:1)
  A bat (D:1)
  A frilled lizard (D:1)
  3 kobolds (D:1)
  A rat (D:1)
9 creatures vanquished.

Notes
Turn   | Place    | Note
-------+----------+-------------------------------------------
     0 | D:1      | vishdafish the Demonspawn Conjurer began the quest for the
                  | Orb.
     0 | D:1      | Reached XP level 1. HP: 13/13 MP: 3/3
   230 | D:1      | Gained mutation: Spells you cast may paralyse adjacent
                  | enemies. [demonic ancestry]
   230 | D:1      | Reached XP level 2. HP: 19/19 MP: 1/5
   230 | D:1      | Quit the game

Illustrated notes

Levels and vault maps discovered:
D:1:      onia_arrival_mini_maze, layout_rooms, ebering_ecumenical_altar_ruins,
          serial_shops, shop_fountains

Action                     || total
---------------------------++-------
  Melee: Unarmed           ||     8
   Cast: Magic Dart        ||    16
    Use: Potion            ||     1
 Armour: Robe              ||     3
  Dodge: Dodged            ||    10

Table legend: (Time is in decaauts)
 A = Elapsed time spent in this place.
 B = Non-inter-level travel time spent in this place.
 C = Inter-level travel time spent in this place.
 D = Time resting spent in this place.
 E = Time spent auto-exploring this place.
 F = Levels seen in this place.
 G = Mean time per level.
                   A        B        C        D        E       F      G
               +--------+--------+--------+--------+--------+-----+--------+
         Total |    229 |    229 |      0 |      0 |    181 |   1 |  229.0 |
       Dungeon |    229 |    229 |      0 |      0 |    181 |   1 |  229.0 |
               +--------+--------+--------+--------+--------+-----+--------+

Top non-repeatable levels by time:
     D:1: 229 daAuts
